 Dungeon Sprint DCSS version 0.28.0-53-g5a82cb258f (webtiles) character file.

Game seed: 16951221273231884899

249 Zeld the Fighter (level 5, -6/85 HPs)
             Began as a Minotaur Berserker on June 10, 2022.
             Was an Elder of Trog.
             Mangled by a troll (12 damage)
             ... in the Dungeon (Sprint IX: "|||||||||||||||||||||||||||||").
             The game lasted 00:00:23 (274 turns).

Zeld the Fighter (Minotaur Berserker)                Turns: 274, Time: 00:00:24

Health: -6/85      AC:  2    Str: 24    XL:     5   Next: 87%
Magic:  4/4        EV: 13    Int:  4    God:    Trog [****..]
Gold:   0          SH:  0    Dex:  9    Spells: 4/4 levels left

rFire   . . .      SeeInvis .   a - +0 hand axe
rCold   . . .      Faith    .   (no shield)
rNeg    . . .      Spirit   .   b - +0 animal skin
rPois   .          Reflect  .   (helmet restricted)
rElec   .          Harm     .   (no cloak)
rCorr   .          Rampage  .   (no gloves)
Will    .....      NoTele   +   (no boots)
Stlth   ..........              (no amulet)
HPRegen 0.24/turn               (no ring)
MPRegen 0.09/turn               (no ring)

@: berserking, very quick
A: horns 2, retaliatory headbutt
a: Renounce Religion, Berserk, Trog's Hand, Brothers in Arms


You were in the Dungeon.
You worshipped Trog.
Trog was greatly pleased with you.
You visited 1 branch

Inventory:

Hand Weapons
 a - a +0 hand axe (weapon)
Armour
 b - a +0 animal skin (worn)
Jewellery
 k - a +2 ring of evasion
 l - a +3 ring of dexterity
Wands
 j - a wand of acid (10)
Scrolls
 h - 2 scrolls of blinking
Potions
 c - 5 potions of curing
 d - 3 potions of heal wounds
 e - a potion of haste
 f - 4 potions of magic
 g - a potion of berserk rage
 i - a potion of invisibility


   Skills:
 * Level 9.2 Fighting
 * Level 9.2 Axes
 + Level 6.4 Armour
 + Level 5.8 Dodging


You had 4 spell levels left.
You didn't know any spells.
Your spell library was empty.

Dungeon Overview and Level Annotations

Branches:
Dungeon (1/1)

Altars:
Cheibriados
Dithmenos
Elyvilon
Fedhas
Gozag
Hepliaklqana
Kikubaaqudgha
Makhleb
Nemelex Xobeh
Okawaru
Qazlal
Ru
Sif Muna
Trog
Uskayaw
Vehumet
Wu Jian
Xom
Yredelemnul
Zin
The Shining One
Beogh
Jiyva
Lugonu


Innate Abilities, Weirdness & Mutations

You have a pair of horns on your head.
You reflexively headbutt those who attack you in melee.


Message History

You slash the centaur! Your headbutt misses the centaur.
The centaur is severely wounded.
You feel sick. The centaur closely misses you. You furiously retaliate!
You headbutt the centaur!
You kill the centaur!
Trog accepts your kill.
The centaur wields a +0 shortbow.
The centaur shoots an arrow.
The arrow hits you!
* * * LOW HITPOINT WARNING * * *
Your Fighting skill increases to level 8!
Your Axes skill increases to level 8!
Your Armour skill increases to level 5!
Your Dodging skill increases to level 5!
You have reached level 5!
You feel sick.
The centaur unwields a +0 shortbow.
The centaur barely misses you. The centaur kicks you.
* * * LOW HITPOINT WARNING * * *
Things that are here:
a +0 shortbow; 13 arrows; a centaur corpse You hit the centaur.
The centaur is moderately wounded.
You slash the centaur!
The centaur is severely wounded.
You feel sick.
You are no longer poisoned.
The centaur closely misses you. You furiously retaliate!
You headbutt the centaur!
You kill the centaur!
Trog accepts your kill.
Your Fighting skill increases to level 9!
Your Axes skill increases to level 9!
Your Armour skill increases to level 6!
You closely miss the troll. You barely miss the troll.
The troll barely misses you. x2
The troll claws you!
* * * LOW HITPOINT WARNING * * *
You slice the troll!!
The troll is heavily wounded.
The troll bites you.
* * * LOW HITPOINT WARNING * * *
The troll claws you!
You die... ▓▓▓▓▓▓▓▓▓▓▓▓▓▓▓▓▓▓▓▓▓▓▓ _____'.?).[[[..†@TzW..+ ▓▓▓▓▓▓▓▓▓▓▓▓▓▓▓▓▓▓▓▓▓▓▓

You could see a troll, a wraith and a wight.

Vanquished Creatures
  2 centaurs (D)
  A killer bee (D)
  A hound (D)
  An adder (D)
  An adder skeleton (D)
  A bat zombie (D)
  2 endoplasms (D)
  A hobgoblin (D)
  2 ball pythons (D)
  A ball python skeleton (D)
13 creatures vanquished.

Notes
Turn   | Place    | Note
-------+----------+-------------------------------------------
     0 | D        | Zeld the Minotaur Berserker began the quest for the Orb.
     0 | D        | Reached XP level 1. HP: 19/19 MP: 0/0
     6 | D        | Reached ** piety under Trog
   159 | D        | Noticed a hound
   163 | D        | Killed a hound
   164 | D        | Reached skill level 5 in Fighting
   164 | D        | Reached skill level 5 in Axes
   164 | D        | Reached XP level 2. HP: 30/30 MP: 1/1
   164 | D        | Reached XP level 3. HP: 37/37 MP: 2/2
   165 | D        | Reached *** piety under Trog
   210 | D        | Found a snail-covered altar of Cheibriados.
   210 | D        | Found a shadowy altar of Dithmenos.
   210 | D        | Found a white marble altar of Elyvilon.
   210 | D        | Found a blossoming altar of Fedhas.
   210 | D        | Found an opulent altar of Gozag.
   211 | D        | Found a hazy altar of Hepliaklqana.
   212 | D        | Found a viscous altar of Jiyva.
   213 | D        | Found an ancient bone altar of Kikubaaqudgha.
   214 | D        | Found a corrupted altar of Lugonu.
   215 | D        | Found a burning altar of Makhleb.
   216 | D        | Found a sparkling altar of Nemelex Xobeh.
   217 | D        | Found an iron altar of Okawaru.
   218 | D        | Found a stormy altar of Qazlal.
   219 | D        | Found a sacrificial altar of Ru.
   220 | D        | Found a shimmering blue altar of Sif Muna.
   221 | D        | Found a bloodstained altar of Trog.
   222 | D        | Found a hide-covered altar of Uskayaw.
   223 | D        | Found a radiant altar of Vehumet.
   224 | D        | Found an ornate altar of the Wu Jian Council.
   225 | D        | Found a shimmering altar of Xom.
   226 | D        | Found a basalt altar of Yredelemnul.
   227 | D        | Found a glowing silver altar of Zin.
   228 | D        | Found a glowing golden altar of the Shining One.
   258 | D        | Noticed a killer bee
   258 | D        | Noticed a centaur
   258 | D        | Noticed a centaur
   258 | D        | Noticed a troll
   258 | D        | Noticed a wraith
   264 | D        | Killed a killer bee
   264 | D        | Reached **** piety under Trog
   265 | D        | Reached XP level 4. HP: 39/47 MP: 3/3
   268 | D        | Killed a centaur
   269 | D        | Reached skill level 5 in Armour
   269 | D        | Reached skill level 5 in Dodging
   269 | D        | Reached XP level 5. HP: 22/55 MP: 4/4
   271 | D        | Killed a centaur
   274 | D        | Mangled by a troll

Illustrated notes

Levels and vault maps discovered:
D:        linesprint [early_d, line_temple, items_1, d_10, items_2, lair_1,
          lair_end, items_3, orc_1, orc_end, items_4, d_15, swamp_1, shoals_1,
          snake_1, spider_1, d_20, vaults_1, items_5, swamp_end, shoals_end,
          snake_end, spider_end, vaults_end, d_27, items_6, zot_1, zot_end,
          crypt_end, forest_end, elf_end, slime_end, tomb_end, abyss_end,
          pan_hell_end]

Skill      XL: |  1  2  3  4  5 |
---------------+----------------+-----
Axes           | 5 7 8 9 |  9.2
Fighting       | 5 7 8 9 |  9.2
Armour         | 3 4 5 6 |  6.4
Dodging        | 3 4 5 |  5.8

Action                   |  1- 3 |  4- 6 || total
-------------------------+-------+-------++-------
Melee: Hand axe          |    22 |     8 ||    30
       Headbutt          |     2 |       ||     2
Invok: Berserk           |     2 |       ||     2
Armor: Animal skin       |     2 |     1 ||     3
Dodge: Dodged            |    16 |     8 ||    24
